 Dungeon Crawl Stone Soup version 0.20-a0-443-g0464b71 (webtiles) character file.

30 Leszczynek the Skirmisher (level 3, 2/28 HPs)
             Began as a Barachian Wanderer on Jan 6, 2017.
             Quit the game on level 2 of the Dungeon.
             The game lasted 00:04:16 (1359 turns).

Leszczynek the Skirmisher (Barachian Wanderer)      Turns: 1359, Time: 00:04:17

Health: 2/28       AC:  5    Str: 11 (13) XL:     3   Next: 18%
Magic:  4/4        EV: 11    Int:  6 (8)  God:
Gold:   96         SH:  0    Dex:  7 (10) Spells: 2/2 levels left

rFire  . . .     SeeInvis .     l - -3 flail (curse)
rCold  . . .     Gourm    .     a - +2 leather armour
rNeg   . . .     Faith    .     (no shield)
rPois  .         Spirit   .     (no helmet)
rElec  .         Reflect  .     (no cloak)
rCorr  .         Harm     .     (no gloves)
MR     .....                    (no boots)
Stlth  +.........               (no amulet)
                                (no ring)
                                (no ring)

@: lethally poisoned (2 -> -12), slow
A: swims, slowness 1, strong legs 1
a: Hop


You were on level 2 of the Dungeon.
You were not hungry.

You visited 1 branch of the dungeon, and saw 2 of its levels.

You collected 96 gold pieces.

Inventory:

Hand Weapons
 b - a +0 short sword
 l - a cursed -3 flail (weapon)
Missiles
 i - 13 arrows
Armour
 a - a +2 leather armour (worn)
Comestibles
 d - a bread ration


   Skills:
 - Level 2.8 Fighting
 - Level 2.0 Short Blades
 + Level 0.4 Maces & Flails
 - Level 1.3 Dodging
 - Level 2.0 Stealth
   Level 1.0 Hexes
   Level 2.0 Poison Magic
   Level 2.0 Evocations


You had 2 spell levels left.
You didn't know any spells.

Dungeon Overview and Level Annotations

Branches:
Dungeon (2/15)

Altars:

Annotations:
D:2 Terence


Innate Abilities, Weirdness & Mutations

You can swim through water.
You cover ground slowly.
You can hop short distances.


Message History

You feel sick. The adder bites you.
You are lethally poisoned!
The adder poisons you! The adder bites you but does no damage.
You barely miss the adder.
The adder is moderately wounded.
You feel sick. The adder bites you.
* * * LOW HITPOINT WARNING * * *
You are more poisoned.
The adder poisons you!
You feel magically purged.
* * * LOW HITPOINT WARNING * * *
You feel sick. The adder misses you. x2
Unknown command.
It was a potion of degeneration.
There was something very wrong with that liquid.
You feel weakened.
You feel dopey.
You feel clumsy.
* * * LOW HITPOINT WARNING * * *
You feel sick. The adder closely misses you.
Unknown command.
Are you sure you want to abandon this character and quit the game? (Confirm with "yes".)

#.##.##..,,,* *,*
#....#*.#**** *.#
.....#*,# *.#
#...###.# *.#
..)...#.# *.#
#.......#########.#
...##.###.......#.#
#.....# #.#####.#S#
...#..###.##....@.#
...#.........##.###
......###.......#
...#### #########
...# .#.# ...# ****
**


You could see an adder.

Vanquished Creatures
  An ooze (D:1)
  A dart slug (D:1)
  A leopard gecko (D:1)
  3 bats (D:1)
  2 giant cockroaches (D:1)
  3 goblins
  3 hobgoblins (D:1)
  A jackal (D:1)
  4 frilled lizards
  2 kobolds (D:1)
  A rat (D:1)
22 creatures vanquished.

Notes
Turn   | Place    | Note
-------+----------+-------------------------------------------
     0 | D:1      | Leszczynek the Barachian Wanderer began the quest for the Orb.
     0 | D:1      | Leszczynek set off with: a +2 leather armour, a +0 short sword, a scroll of teleportation, a bread ration
     0 | D:1      | Reached XP level 1. HP: 16/16 MP: 2/2
     0 | D:1      | stats 13/8/9 (+7/+2/+3)
     0 | D:1      | you sure this is random?
     0 | D:1      | i'm not going to complain too much though
   458 | D:1      | Reached skill level 1 in Stealth
   610 | D:1      | Reached XP level 2. HP: 21/23 MP: 3/3
   632 | D:1      | Reached skill level 2 in Stealth
  1093 | D:1      | Reached XP level 3. HP: 25/28 MP: 4/4
  1212 | D:2      | Noticed Terence
  1268 | D:1      | oh right
  1268 | D:1      | this species is slow
  1268 | D:1      | ugh
  1333 | D:2      | and this is where i die
  1358 | D:2      | HP: 2/28 [poisoned by an adder]
  1359 | D:2      | Quit the game

Vault maps used:
D:1:      dpeg_arrival_boxes_within_box, minmay_heptomino_w4
D:2:      tso_metal_star, nicolae_overflow_hidden_temple, uniq_terence

Skill      XL: |  1  2 |
---------------+-------+-----
Stealth        | 1 2 |  2.0
Fighting       | |  2.8
Short Blades   | |  2.0
Maces & Flails | |  0.4
Dodging        | |  1.3
Hexes          | |  1.0
Poison Magic   | |  2.0
Evocations     | |  2.0

Action                   || total
-------------------------++-------
Melee: Short sword       ||    87
       Flail             ||    28
 Abil: Hop               ||     1
  Use: Scroll            ||     5
       Potion            ||     3
 Stab: Distracted        ||     1
       Sleeping          ||     1
  Eat: Chunk             ||     2
Armor: Leather armour    ||    53
Dodge: Dodged            ||    74
